 Dungeon Crawl Stone Soup version 0.28.0-43-g3370ac3207 (webtiles) character file.

Game seed: 9412160373308188319

70193 adizb the Peltast (level 15, -15/174 HPs)
             Began as an Octopode Brigand on Mar 19, 2022.
             Was an Elder of Ashenzari.
             Demolished by an eleionoma (18 damage)
             ... on level 2 of the Swamp.
             The game lasted 02:20:26 (17890 turns).

adizb the Peltast (Octopode Brigand)               Turns: 17890, Time: 02:20:26

Health: -15/174    AC: 35    Str: 13    XL:     15   Next: 32%
Magic:  19/28      EV:  2    Int: 13    God:    Ashenzari [****..]
Gold:   1168       SH: 27    Dex: 19    Spells: 3/33 levels left

rFire   . . .      SeeInvis +   R - +8 demon blade "Leech" {vamp, Harm Drain rN+}
rCold   + . .      Faith    .   d - +2 tower shield {rC+}
rNeg    + + .      Spirit   .   (helmet currently unavailable)
rPois   +          Reflect  +   f - amulet of reflection
rElec   .          Harm     +   j - ring of the Astral Burden {AC+4, Cun, Elem} (curse)
rCorr   .          Rampage  .   l - ring of Ashenzari's Prison {AC+4, Self, Comp} (curse)
Will    +....      Clarity  +   r - ring of the Sibylline Heresy {Wiz, Self, Bglg} (curse)
Stlth   +++++++... NoTele   +   z - ring "At What Cost Knowledge?" {rN+, Comp, Cun} (curse)
HPRegen 0.39/turn               s - ring "Visionary of the Cosmos" {Wiz, Self, Range} (curse)
MPRegen 0.21/turn               (no ring)
                                E - ring "Yoke of Ashenzari" {rPois, Self, Bglg} (curse)
                                t - ring of the Esoteric Yoke {Slay+4, Self, Elem} (curse)

@: tree-form, hasted, very quick
A: stationary, stasis, torment immunity, boosted hp, almost no armour,
(amphibious), 8 rings, (camouflage 1), (gelatinous body 1), (nimble swimmer 1),
(tentacles)
a: Renounce Religion, Curse Item, Shatter the Chains


You were on level 2 of the Swamp.
You worshipped Ashenzari.
Ashenzari was greatly pleased with you.
You were a tree.
You visited 6 branches of the dungeon, and saw 23 of its levels.
You also visited: Ice Cave.

You collected 2454 gold pieces.
You spent 1286 gold pieces at shops.

Inventory:

Hand Weapons
 i - a +1 dagger of protection
 q - a +2 rapier of distortion
 L - the +10 zealot's sword {holy, *Rage rN+ EV+3}
   (You found it on level 5 of the Lair of Beasts)

   It has been blessed by the Shining One to cause great damage to the undead
   and demons.
   Whenever the wielder enters a berserk rage, their allies are berserked
   alongside them.
   EV:        It affects your evasion (+3).
   rN:        It protects you from negative energy.
   *Rage:     It berserks you when you make melee attacks (+20% chance).
 M - a +0 short sword of venom
 R - the +8 demon blade "Leech" (weapon) {vamp, Harm Drain rN+}
   (You found it on level 2 of the Swamp)

   It heals its wielder for a portion of the damage dealt every time it strikes
   a living foe.
   rN:        It protects you from negative energy.
   Drain:     It drains your maximum health when unequipped.
   Harm:      It increases damage dealt and taken.
Missiles
 b - 18 poisoned darts
 c - 10 curare-tipped darts
 F - 10 boomerangs
 I - 2 javelins
Armour
 d - a +2 tower shield of cold resistance (worn)
 O - the cursed +3 hat of Pondering (melded) {ponderous, Will+ MP+10 Int+5, Fort, Melee}
   (You bought it in a shop on level 2 of the Orcish Mines)

   Int:       It affects your intelligence (+5).
   MP:        It affects your magic capacity (+10).
   Will:      It increases your willpower.
   It has a curse which improves the following skills: Fortitude: Shields.
   Melee Combat: Short Blades, Long Blades, Axes, Maces & Flails, Polearms,
   Staves and Unarmed Combat.
Jewellery
 f - an amulet of reflection (around neck)
 j - the cursed ring of the Astral Burden (left branch) {AC+4, Cun, Elem}
   (You found it on level 2 of the Dungeon)

   [ring of protection]

   AC:        It affects your AC (+4).
   It has a curse which improves the following skills: Cunning: Dodging and
   Stealth.
   Elements:  Fire Magic, Ice Magic, Air Magic and Earth Magic.
 l - the cursed ring of Ashenzari's Prison (right branch) {AC+4, Self, Comp}
   (You found it on level 2 of the Dungeon)

   [ring of protection]

   AC:        It affects your AC (+4).
   It has a curse which improves the following skills: Introspection: Fighting
   and Spellcasting.
   Companions: Summonings and Necromancy.
 r - the cursed ring of the Sibylline Heresy (on tentacle) {Wiz, Self, Bglg}
   (You found it on level 5 of the Dungeon)

   [ring of wizardry]

   It improves your spell success rate.
   It has a curse which improves the following skills: Introspection: Fighting
   and Spellcasting.
   Beguiling: Conjurations, Hexes and Translocations.
 s - the cursed ring "Visionary of the Cosmos" (on tentacle) {Wiz, Self, Range}
   (You found it on level 6 of the Dungeon)

   [ring of wizardry]

   It improves your spell success rate.
   It has a curse which improves the following skills: Introspection: Fighting
   and Spellcasting.
   Ranged Combat: Slings, Bows, Crossbows and Throwing.
 t - the cursed ring of the Esoteric Yoke (on tentacle) {Slay+4, Self, Elem}
   (You found it on level 6 of the Lair of Beasts)

   [ring of slaying]

   Slay:      It affects your accuracy & damage with ranged weapons and melee
   (+4).
   It has a curse which improves the following skills: Introspection: Fighting
   and Spellcasting.
   Elements:  Fire Magic, Ice Magic, Air Magic and Earth Magic.
 z - the cursed ring "At What Cost Knowledge?" (on tentacle) {rN+, Comp, Cun}
   (You found it on level 9 of the Dungeon)

   [ring of positive energy]

   rN:        It protects you from negative energy.
   It has a curse which improves the following skills: Companions: Summonings
   and Necromancy.
   Cunning:   Dodging and Stealth.
 B - a ring of see invisible
 C - an amulet of guardian spirit
 E - the cursed ring "Yoke of Ashenzari" (on tentacle) {rPois, Self, Bglg}
   (You found it on level 11 of the Dungeon)

   [ring of poison resistance]

   rPois:     It protects you from poison.
   It has a curse which improves the following skills: Introspection: Fighting
   and Spellcasting.
   Beguiling: Conjurations, Hexes and Translocations.
Wands
 a - a wand of paralysis (16)
 x - a wand of flame (15)
 y - a wand of polymorph (15)
 G - a wand of iceblast (4)
 H - a wand of acid (8)
Scrolls
 e - 2 scrolls of silence
 o - 14 scrolls of teleportation
 p - 4 scrolls of magic mapping
 A - 3 scrolls of fog
 D - a scroll of brand weapon
 Q - a scroll of fear
Potions
 g - 6 potions of flight
 h - 2 potions of haste
 k - a potion of lignification
 n - 5 potions of might
 u - a potion of brilliance
 w - 2 potions of magic
 J - 2 potions of cancellation
 K - 4 potions of curing
 N - 2 potions of resistance
 P - 2 potions of berserk rage
Miscellaneous
 m - a phantom mirror


   Skills:
 + Level 9.8(15.3) Fighting
 + Level 10.2 Short Blades
 - Level 5.0(6.9) Throwing
 + Level 9.8(12.7) Dodging
 + Level 14.6(17.5) Stealth
 * Level 15.6 Shields
 + Level 4.8(9.9) Spellcasting
 + Level 4.1(6.8) Hexes
 - Level 2.1(4.3) Summonings
 + Level 6.1(9.1) Necromancy


You had 3 spell levels left.
You knew the following spells:

 Your Spells              Type           Power      Damage    Failure   Level
a - Vampiric Draining     Necr           30%        2d8       1%          3
b - Tukima's Dance        Hex            24%        N/A       1%          3
c - Passwall              Tmut/Erth      5%         N/A       14%         2
d - Call Canine Familiar  Summ           17%        N/A       5%          3
e - Animate Skeleton      Necr           60%        N/A       1%          1
f - Slow                  Hex            96%        N/A       1%          1
g - Confusing Touch       Hex            24%        N/A       1%          3
h - Excruciating Wounds   Necr           15%        N/A       7%          5
i - Cause Fear            Hex            12%        N/A       6%          4
j - Borgnjor's Vile Clut  Necr/Erth      9%         N/A       36%         5

Your spell library contained the following spells:

 Spells                   Type           Power      Damage    Failure   Level
 Pain                     Necr           100%       1d9       1%          1
 Summon Small Mammal      Summ           68%        N/A       1%          1
 Sublimation of Blood     Necr           30%        N/A       1%          2
 Ensorcelled Hibernation  Hex/Ice        30%        N/A       3%          2
 Summon Guardian Golem    Hex/Summ       21%        N/A       3%          3
 Inner Flame              Hex/Fire       15%        N/A       7%          3
 Foxfire                  Conj/Fire      28%        2x1d5     9%          1
 Wereblood                Tmut           6%         N/A       16%         2
 Conjure Flame            Conj/Fire      7%         6-21      24%         3
 Swiftness                Air            7%         N/A       24%         3
 Fulminant Prism          Conj/Hex       7%         3d7       22%         4
 Yara's Violent Unravell  Hex/Tmut       7%         3d5       54%         5
 Flame Wave               Conj/Fire      7%         2d5       58%         4
 Iskenderun's Mystic Bla  Conj/Tloc      7%         2d4       58%         4
 Passage of Golubria      Tloc           7%         N/A       58%         4
 Simulacrum               Ice/Necr       9%         N/A       88%         6
 Fireball                 Conj/Fire      3%         3d4       89%         5
 Iskenderun's Battlesphe  Conj           7%         2d6       89%         5
 Lee's Rapid Deconstruct  Erth           3%         3d6*      89%         5
 Blade Hands              Tmut           3%         N/A       92%         5
 Conjure Ball Lightning   Conj/Air       3%         3x3d6     100%        6
 Iron Shot                Conj/Erth      3%         9d2       100%        6
 Dragon Form              Tmut           3%         N/A       100%        7
 Orb of Destruction       Conj           3%         9d5       100%        7
 Summon Hydra             Summ           8%         N/A       100%        7
 Dragon's Call            Summ           8%         N/A       100%        9
 Animate Armour           Summ/Erth      Unusable   N/A       N/A         4

Dungeon Overview and Level Annotations

Branches:
Dungeon (11/15)            Temple (1/1) D:7            Lair (6/6) D:11
  Swamp (2/4) Lair:4        Snake (1/4) Lair:4        Slime (0/5) Lair:6
    Orc (2/2) D:11            Elf (0/3) Orc:2         IceCv (visited)

Altars:
Ashenzari
Cheibriados
Dithmenos
Elyvilon
Fedhas
Gozag
Hepliaklqana
Kikubaaqudgha
Makhleb
Nemelex Xobeh
Okawaru
Qazlal
Ru
Sif Muna
Trog
Uskayaw
Vehumet
Wu Jian
Xom
Yredelemnul
Zin
The Shining One
Beogh
Jiyva
Lugonu

Shops:
D:4 !   D:11 *   Orc:2 =[(?

Portals:
Abyss: D:4

Annotations:
Abyss:1 Snorg


Innate Abilities, Weirdness & Mutations

You are a tree.
Your roots penetrate the ground, keeping you stationary.
You cannot be teleported.
You are immune to unholy pain and torment.
Your maximum health is greatly increased.
You cannot wear most types of armour.
((You are amphibious.))
You can wear up to eight rings at the same time.
((Your skin changes colour to match your surroundings (Stealth+).))
((Your rubbery body absorbs attacks. (AC +1, EV +1)))
((You are camouflaged when in or above water. (Stealth+)))
((You have tentacles for arms and can constrict up to eight enemies at once.))


Message History

* * * LOW HITPOINT WARNING * * *
The alligator bites you but does no damage.
You block the alligator's attack.
Okay, then.
Aiming: Vampiric Draining (safe; 1% risk of failure)
Press: ? - help, Q - select action, (/) - cycle Shift-Dir - straight line, f - hornet
Aim: a hornet You draw life force from the hornet!
You feel life coursing into your body! You block the eleionoma's attack.
The goliath frog barely misses you. The alligator bites you.
* * * LOW HITPOINT WARNING * * *
You block the alligator's attack. You block the tyrant leech's attack.
The hornet stings you but does no damage. x2
Aiming: Vampiric Draining (safe; 1% risk of failure)
Press: ? - help, Q - select action, (/) - cycle Shift-Dir - straight line, f/p - hornet
Aim: a hornet (heavily wounded)
You draw life force from the hornet!
You kill the hornet!
You feel life coursing into your body! You block the alligator's attack.
The alligator tail-slaps you but does no damage.
You block the eleionoma's attack.
The goliath frog hits you but does no damage.
The alligator bites you but does no damage.
The alligator completely misses you.
The hornet stings you but does no damage.
Aiming: Vampiric Draining (safe; 1% risk of failure)
Press: ? - help, Q - select action, (/) - cycle Shift-Dir - straight line, f - hornet
Aim: a hornet You draw life force from the hornet!
You feel life coursing into your body!
The alligator bites you but does no damage.
You block the alligator's attack. The goliath frog hits you from afar.
* * * LOW HITPOINT WARNING * * *
You are splashed with acid!
* * * LOW HITPOINT WARNING * * *
You block the tyrant leech's attack.
The alligator bites you but does no damage.
The alligator tail-slaps you but does no damage.
The eleionoma hits you!
You die...

..≈..≈t♣♣♣♣♣..#...♣♣♣.♣
**,.....≈.♣♣♣.....#.♣♣♣*.
., ♣.≈..♣♣.........♣ **
*♣.≈♣♣........#.....♣ *
*<.§♣....#.#........♣ ≈
..........#...#...♣♣*, *
,≈>...♣..###..##..♣♣ *, * *
♣..≈≈t.........≈♣ * ,
*,,,♣≈≈..t♣R..≈.≈.≈≈≈.♣....
.≈....y†w♣≈≈≈..♣........ *
.§≈...≈.RF≈≈.≈.w♣...≈≈..
♣.≈.≈≈≈.≈..§≈≈., ....≈≈
♣.≈≈.≈....≈≈...,≈ ,.≈≈≈≈
♣≈≈♣♣≈..≈≈≈..≈§,{≈ ≈♣.≈§
♣≈≈ ♣♣.....≈≈.≈ ≈, .♣≈≈≈
♣., *♣♣.....§.?≈ ≈ .♣.≈≈ *
,> ,,,*,≈ ≈ ♣♣.≈≈


You could see 2 eleionomae, 2 alligators, a tyrant leech, a goliath frog and a
hornet.

Vanquished Creatures
  An orc warlord (Orc:2)
  An eleionoma (Swamp:1)
  2 bunyips
  A shambling mangrove (Swamp:2)
  3 hydras
  An ogre mage (Orc:2)
  4 death yaks
  3 alligators
  9 two-headed ogres
  Sonja (Lair:5)
  4 spriggans
  A spectral death yak (Lair:6)
  A goliath frog (Swamp:2)
  A spectral anaconda (Lair:6)
  A spriggan druid (Swamp:1)
  2 deep trolls (Orc:2)
  3 necromancers (Lair:6)
  An orc knight (Orc:2)
  2 orc sorcerers
  An ugly thing (IceCv)
  2 cyclopes (Orc:2)
  A will-o-the-wisp (Swamp:1)
  5 elephants
  4 black mambas
  4 cane toads
  2 torpor snails
  3 rime drakes
  10 komodo dragons
  6 trolls (Orc:2)
  A polar bear (Lair:3)
  6 hornets
  4 blink frogs (Lair:5)
  3 spectral elephants (Lair:6)
  5 tyrant leeches
  A shadow (D:10)
  2 wyverns
  2 dire elephant simulacra (IceCv)
  38 yaks
  A vampire (D:8)
  2 vampire mosquitoes (Swamp:1)
  A basilisk (Lair:1)
  3 steam dragons
  Menkaure (D:4)
  2 death yak simulacra (Lair:6)
  3 nagas (Lair:4)
  6 swamp worms
  17 water moccasins
  2 swamp drakes
  15 orc warriors
  A black bear (Lair:2)
  An ice beast (D:5)
  17 ogres
  7 centaurs
  A necrophage (D:6)
  3 elephant skeletons (Lair:6)
  12 wolves
  9 bullfrogs
  A gnoll sergeant (D:7)
  A cane toad simulacrum (Lair:6)
  10 killer bees (D:8)
  6 wights
  An elephant simulacrum (Lair:6)
  5 howler monkeys
  A bullfrog zombie (D:5)
  A jelly (D:7)
  18 orc priests
  An iguana (D:6)
  A hell rat (D:11)
  17 orc wizards
  Terence (D:2)
  2 wolf simulacra (IceCv)
  A hound skeleton (D:4)
  A mummy (D:6)
  A howler monkey zombie (D:5)
  Robin (D:2)
  11 gnolls
  7 adders
  A river rat (D:11)
  A shadow imp (D:8)
  An ufetubus (D:4)
  66 orcs
  4 bats
  9 endoplasms
  A giant cockroach (D:1)
  10 goblins
  10 hobgoblins
  9 jackals
  8 kobolds
  2 quokkas (D:3)
  2 ball pythons
  6 frilled lizards
  A hobgoblin zombie (D:6)
  A kobold zombie (D:6)
  2 orc zombies (D:6)
  7 rats
475 creatures vanquished.

Vanquished Creatures (collateral kills)
  Rupert (Lair:5)
  A two-headed ogre (Orc:2)
  A troll (Orc:2)
  A blink frog (Lair:5)
  An ogre (Orc:2)
  An elephant skeleton (Lair:6)
  A wolf (Lair:5)
7 creatures vanquished.

Vanquished Creatures (others)
  28 fungi
  21 plants
  18 withered plants (Lair:6)
67 creatures vanquished.

Grand Total: 549 creatures vanquished

Notes
Turn   | Place    | Note
-------+----------+-------------------------------------------
     0 | D:1      | adizb the Octopode Brigand began the quest for the Orb.
     0 | D:1      | Reached XP level 1. HP: 14/14 MP: 1/1
   210 | D:1      | Reached XP level 2. HP: 16/19 MP: 2/2
   668 | D:1      | Found a faded altar of an unknown god.
   892 | D:2      | Noticed Terence
   899 | D:2      | Killed Terence
   900 | D:2      | Reached XP level 3. HP: 17/25 MP: 3/3
   953 | D:2      | Noticed Robin
  1118 | D:2      | Reached XP level 4. HP: 30/30 MP: 4/4
  1138 | D:2      | Killed Robin
  1293 | D:2      | You fall into a shaft and drop 1 floor!
  1303 | D:3      | Reached XP level 5. HP: 27/36 MP: 5/5
  2767 | D:4      | Reached XP level 6. HP: 42/42 MP: 6/6
  2890 | D:4      | Noticed Menkaure
  2910 | D:4      | Killed Menkaure
  2929 | D:4      | Found a large runed translucent door.
  2929 | D:4      | Found a large runed translucent door.
  2937 | D:4      | Found a corrupted altar of Lugonu.
  2995 | D:4      | Found Voteeb's Distillery.
  3069 | D:4      | Found a one-way gate to the infinite horrors of the Abyss.
  3250 | D:5      | Entered Level 5 of the Dungeon
  3556 | D:5      | Reached XP level 7. HP: 43/47 MP: 7/7
  3558 | D:5      | Found a hide-covered altar of Uskayaw.
  4020 | D:6      | Learned a level 3 spell: Vampiric Draining
  4161 | D:6      | Reached XP level 8. HP: 54/54 MP: 8/8
  4677 | D:6      | Reached skill level 1 in Spellcasting
  4677 | D:6      | Reached skill level 1 in Necromancy
  5063 | D:7      | Reached skill level 10 in Stealth
  5086 | D:7      | Found a staircase to the Ecumenical Temple.
  5092 | Temple   | Entered the Ecumenical Temple
  5309 | Temple   | Became a worshipper of Ashenzari the Shackled
  5670 | D:7      | Noticed a yak
  5732 | D:7      | Reached XP level 9. HP: 60/60 MP: 11/11
  5893 | D:7      | Reached skill level 5 in Dodging
  5926 | D:7      | Reached skill level 5 in Fighting
  6894 | D:8      | Reached * piety under Ashenzari
  6930 | D:8      | Reached XP level 10. HP: 27/71 MP: 15/15
  7043 | D:8      | Reached skill level 5 in Short Blades
  7308 | D:8      | Noticed a two-headed ogre
  7314 | D:8      | Killed a two-headed ogre
  7315 | D:8      | Reached skill level 5 in Throwing
  7535 | D:9      | Identified the +1 plate armour "Soilylet" {+Inv rF+}
  8248 | D:10     | Entered Level 10 of the Dungeon
  8604 | D:10     | Reached XP level 11. HP: 66/78 MP: 8/18
  8797 | D:10     | Reached ** piety under Ashenzari
  8947 | D:11     | Noticed a death yak
  8947 | D:11     | Noticed a death yak
  8989 | D:11     | Reached skill level 5 in Necromancy
  9195 | D:11     | Found Atamoem's General Store.
  9257 | D:11     | Found a staircase to the Orcish Mines.
  9418 | D:11     | Noticed a two-headed ogre
  9425 | D:11     | Killed a two-headed ogre
  9483 | D:11     | Noticed a death yak
  9486 | D:11     | Found a staircase to the Lair.
  9514 | D:11     | Killed a death yak
  9553 | D:11     | Killed a death yak
  9561 | D:11     | Killed a death yak
  9666 | D:11     | Learned a level 3 spell: Tukima's Dance
 10075 | Lair:1   | Entered Level 1 of the Lair of Beasts
 10095 | Lair:1   | Identified the +0 robe of Sif Muna's Envy {*Slow Int+4}
 10105 | Lair:1   | Reached skill level 1 in Hexes
 10162 | Lair:1   | Reached *** piety under Ashenzari
 10425 | Lair:1   | Learned a level 2 spell: Passwall
 10473 | Lair:1   | Reached XP level 12. HP: 92/92 MP: 23/23
 10754 | Lair:2   | Learned a level 3 spell: Call Canine Familiar
 10795 | Lair:2   | Reached skill level 1 in Shields
 10870 | Lair:2   | Noticed a catoblepas
 10884 | Lair:2   | Banished a catoblepas
 10885 | Lair:2   | Reached skill level 1 in Summonings
 10983 | Lair:3   | Reached skill level 2 in Shields
 11022 | Lair:3   | Found a frozen archway.
 11106 | IceCv    | Entered an ice cave
 11111 | IceCv    | Found a transporter.
 11136 | IceCv    | Identified the +1 helmet of Greed {rN++ Will-}
 11138 | IceCv    | Found a transporter.
 11351 | Lair:3   | Reached skill level 3 in Shields
 11631 | Lair:4   | Found a staircase to the Swamp.
 11697 | Lair:4   | Learned a level 1 spell: Animate Skeleton
 11750 | Lair:4   | Found a staircase to the Snake Pit.
 11754 | Lair:4   | Reached skill level 4 in Shields
 11858 | Lair:4   | Noticed a four-headed hydra
 11865 | Lair:4   | Killed a four-headed hydra
 11866 | Lair:4   | Reached skill level 5 in Shields
 11975 | Lair:5   | Found a runed translucent door.
 11976 | Lair:5   | Noticed a four-headed hydra
 11978 | Lair:5   | Found the +10 zealot's sword {holy, *Rage rN+ EV+3}
 11983 | Lair:5   | Killed a four-headed hydra
 11984 | Lair:5   | Reached skill level 6 in Shields
 12124 | Lair:5   | Reached XP level 13. HP: 99/99 MP: 25/25
 12139 | Lair:5   | Reached skill level 7 in Shields
 12220 | Lair:5   | Noticed Sonja
 12226 | Lair:5   | Reached skill level 8 in Shields
 12277 | Lair:5   | Killed Sonja
 12301 | Lair:5   | Noticed Rupert
 12301 | Lair:5   | Noticed Snorg
 12375 | Lair:5   | Reached skill level 9 in Shields
 12419 | Lair:5   | Killed Rupert
 12433 | Lair:5   | Banished Snorg
 12455 | Lair:5   | Reached skill level 10 in Shields
 12524 | Lair:5   | Learned a level 1 spell: Slow
 12528 | Lair:5   | Learned a level 3 spell: Confusing Touch
 12572 | Lair:6   | Entered Level 6 of the Lair of Beasts
 12796 | Lair:6   | Reached skill level 11 in Shields
 12877 | Lair:6   | Found a staircase to the Slime Pits.
 12877 | Lair:6   | Found a viscous altar of Jiyva.
 13183 | Lair:6   | Noticed a dire elephant
 13184 | Lair:6   | Noticed a dire elephant
 13200 | Lair:6   | Reached skill level 12 in Shields
 13254 | Lair:6   | Identified Kikubaaqudgh's Papyrus of Darkness
 13287 | Lair:6   | Reached XP level 14. HP: 48/104 MP: 26/26
 13532 | Lair:6   | Learned a level 5 spell: Excruciating Wounds
 13537 | Lair:6   | Learned a level 4 spell: Cause Fear
 13574 | Lair:6   | Reached skill level 13 in Shields
 13729 | Lair:6   | Banished a dire elephant
 13732 | Lair:6   | Banished a dire elephant
 13747 | Lair:6   | Reached **** piety under Ashenzari
 14255 | Lair:6   | Reached skill level 14 in Shields
 14428 | Orc:1    | Entered Level 1 of the Orcish Mines
 14634 | Orc:2    | Entered Level 2 of the Orcish Mines
 14707 | Orc:2    | Noticed an orc warlord
 14737 | Orc:2    | Killed an orc warlord
 15027 | Orc:2    | Reached skill level 15 in Shields
 15155 | Orc:2    | Found a burning altar of Makhleb.
 15165 | Orc:2    | Found a staircase to the Elven Halls.
 15176 | Orc:2    | Found Getyhiz's Jewellery Shoppe.
 15263 | Orc:2    | Found Kizylo's Weapon Shop.
 15278 | Orc:2    | HP: 3/108 [two-headed ogre/+0 giant club (12)]
 15620 | Orc:2    | Found Wawezev's Magic Scroll Emporium.
 15699 | Orc:2    | Found Guem's Antique Armour Shoppe.
 15772 | Orc:2    | Bought the +3 hat of Pondering {ponderous, Will+ MP+10
                  | Int+5} for 1143 gold pieces
 15772 | Orc:2    | Found the +3 hat of Pondering {ponderous, Will+ MP+10
                  | Int+5}
 16577 | D:4      | Bought a potion of curing for 39 gold pieces
 16577 | D:4      | Bought a potion of heal wounds for 65 gold pieces
 16577 | D:4      | Bought a potion of flight for 39 gold pieces
 16802 | Snake:1  | Entered Level 1 of the Snake Pit
 16846 | Swamp:1  | Entered Level 1 of the Swamp
 16895 | Swamp:1  | Reached XP level 15. HP: 108/116 MP: 28/28
 16905 | Swamp:1  | Learned a level 5 spell: Borgnjor's Vile Clutch
 16945 | Swamp:1  | Reached skill level 10 in Short Blades
 17687 | Swamp:2  | Found the +8 demon blade "Leech" {vamp, Harm Drain rN+}
 17885 | Swamp:2  | HP: 6/174 [tyrant leech (6)]
 17887 | Swamp:2  | HP: 1/174 [hornet[a shambling mangrove] (3)]
 17890 | Swamp:2  | Demolished by an eleionoma

Illustrated notes

Levels and vault maps discovered:
D:1:      sevenhm_arrival_forest_fort_large_4, layout_loops_corners,
          basic_ecumenical_altar, chequers_big_river
D:2:      layout_basic, uniq_robin, uniq_terence, uniq_crazy_yiuf_cottage
D:3:      layout_basic
D:4:      due_chaos_kobolds, layout_rooms, serial_shops,
          nicolae_shop_hallway_stairs, uniq_menkaure
D:5:      layout_layer_cave, overflow_temple_1_default
D:6:      kennysheep_steamy, layout_loops_ring, minmay_mini_ossuary
D:7:      layout_basic, temple_green, minmay_misc_feat_tower
D:8:      layout_cave_pods
D:9:      layout_irregular_city
D:10:     layout_gridville
D:11:     layout_irregular_city, dpeg_lair_monsters, hiddenorc2_lemuel,
          serial_shops, shop
Temple:   mainiacjoe_temple_archimedes_tessellation
Lair:1:   layout_chaotic_city, infiniplex_staircase_pool
Lair:2:   layout_hall_layers
Lair:3:   layout_gridlike, portal_ice_cave_rime, grunt_megastairs_4
Lair:4:   layout_long_grid, swamp_mist_pool, minmay_snake_entry_guardpost_small
Lair:5:   layout_misc_corridors, minmay_stone_trees_medium, pf_torpor_hydra,
          uniq_rupert, uniq_sonja, uniq_snorg
Lair:6:   due_jungle_book, layout_big_grid, slime_altar_1, minmay_lindwurm_lava
Swamp:1:  layout_basic_swamp, hangedman_swamp_ruin_hall,
          nicolae_swamp_very_dense_foliage
Swamp:2:  layout_falls_marsh, evilmike_swamp_ruin_rubble_2
Snake:1:  layout_grid_maze, serial_nicolae_subway, nicolae_sub_station_crystal,
          nicolae_sub_station_metal, nicolae_sub_station_stone,
          grunt_megastairs_2, uniq_donald
Orc:1:    layout_caves
Orc:2:    st_orc_open, layout_caves, basic_altar, bloody_makhleb

Skill      XL: |  1  2  3  4  5  6  7  8  9 10 11 12 13 14 15 |
---------------+----------------------------------------------+-----
Stealth        | 6 7 8 9 10 11 12 13 14 | 14.6
Fighting       | 3 4 6 7 8 9 |  9.8
Dodging        | 2 3 4 6 7 8 9 |  9.8
Short Blades   | 3 4 6 8 9 10 | 10.2
Throwing       | 3 4 5 |  5.0
Spellcasting   | 1 3 4 |  4.8
Necromancy     | 2 3 4 5 6 |  6.1
Hexes          | 1 2 3 4 |  4.1
Shields        | 6 12 15 | 15.6
Summonings     | 2 |  2.1

Action                   |  1- 3 |  4- 6 |  7- 9 | 10-12 | 13-15 || total
-------------------------+-------+-------+-------+-------+-------++-------
Melee: Dagger            |    44 |   128 |       |       |       ||   172
       Constrict         |    10 |    39 |    30 |    47 |    67 ||   193
       Tentacles         |     9 |    33 |    36 |    92 |   205 ||   375
       Punch             |       |     5 |       |     6 |    12 ||    23
       Rapier            |       |    11 |   194 |   374 |   626 ||  1205
       Demon blade       |       |       |       |       |    40 ||    40
Throw: Dart              |     2 |    26 |    10 |    38 |    11 ||    87
       Boomerang         |       |       |       |     9 |    35 ||    44
 Cast: Vampiric Draining |       |       |       |    16 |    23 ||    39
       Call Canine Famil |       |       |       |     6 |    21 ||    27
       Confusing Touch   |       |       |       |       |    36 ||    36
       Cause Fear        |       |       |       |       |     3 ||     3
       Animate Skeleton  |       |       |       |       |     1 ||     1
Invok: Curse Item        |       |       |     2 |     4 |     2 ||     8
Evoke: Wand              |       |       |     2 |       |     2 ||     4
       Phantom mirror    |       |       |       |       |     1 ||     1
  Use: Scroll            |       |     4 |     5 |     1 |     3 ||    13
       Potion            |       |       |     1 |     1 |     5 ||     7
 Stab: Sleeping          |     7 |    13 |    13 |    57 |    20 ||   110
       Distracted        |       |     2 |     1 |     1 |     6 ||    10
       Paralysed         |       |       |       |       |     1 ||     1
       Confused          |       |       |       |       |    14 ||    14
Armor: Skin              |     2 |    35 |    59 |    37 |    75 ||   208
Dodge: Dodged            |    18 |    61 |   154 |   173 |   211 ||   617
Block: Other             |       |       |     8 |    37 |       ||    45
       Reflection        |       |       |       |     2 |     5 ||     7
       Buckler           |       |       |       |    24 |   102 ||   126
       Tower shield      |       |       |       |       |   384 ||   384
